 Dungeon Crawl Stone Soup version 0.29.0-13-gc9e81de378 (webtiles) character file.

Game seed: 10476078701580575769

104367 dvd2 the Unseen (level 16, -3/115 HPs)
             Began as a Merfolk Enchanter on Sept 7, 2022.
             Was the Champion of Dithmenos.
             Slain by a swamp worm (17 damage)
             ... while paralysed by a fenstrider witch
             ... on level 1 of the Swamp.
             The game lasted 01:30:08 (27777 turns).

dvd2 the Unseen (Merfolk Enchanter)                Turns: 27777, Time: 01:30:09

Health: -3/115     AC:  9    Str:  9    XL:     16   Next: 38%
Magic:  0/31       EV:  2    Int: 21    God:    Dithmenos [******]
Gold:   1741       SH:  0    Dex: 15    Spells: 20/38 levels left

rFire   . . .      SeeInvis .   n - +8 arc blade {discharge, rElec}
rCold   + . .      Faith    .   (no shield)
rNeg    . . .      Spirit   +   T - +3 troll leather armour
rPois   +          Reflect  .   (no helmet)
rElec   +          Harm     .   x - +0 cloak
rCorr   .          Rampage  .   b - +0 pair of gloves "Texa" {rElec rC+}
Will    +....                   (boots currently unavailable) Stlth ****++++++
                                o - amulet of guardian spirit
HPRegen 1.09/turn               k - +4 ring of slaying
MPRegen 0.22/turn               X - ring of poison resistance

@: paralysed, lethally poisoned (-3 -> -3), hasted, wreathed by umbra, very
quick
A: nimble swimmer 2, mertail
a: Renounce Religion, Shadow Step, Shadow Form


You were on level 1 of the Swamp.
You worshipped Dithmenos.
Dithmenos was exalted by your worship.
You visited 5 branches of the dungeon, and saw 22 of its levels.
You also visited: Bailey.

You collected 2410 gold pieces.
You spent 669 gold pieces at shops.

Inventory:

Hand Weapons
 a - a +1 dagger
 g - a +2 spectral quarterstaff
 n - the +8 arc blade (weapon) {discharge, rElec}
   (You found it on level 2 of the Dungeon)

   It occasionally unleashes powerful arcs of lightning upon striking a foe.
   These may arc to other adjacent creatures (including the wielder, but dealing
   reduced damage to them) before grounding out.
   rElec:     It insulates you from electricity.
 p - the +8 dagger "Wuniv" {vorpal, Int+4}
   (You found it on level 5 of the Lair of Beasts)

   It inflicts extra damage upon your enemies.
   Int:       It affects your intelligence (+4).
 w - the +9 falchion of Uskayaw's Anger {drain, +Blink rF+ Int-3 Stlth+}
   (You found it on level 5 of the Lair of Beasts)

   A truly terrible weapon, it drains the life of any living foe it strikes.
   Int:       It affects your intelligence (-3).
   rF:        It protects you from fire.
   +Blink:    It lets you blink.
   Stlth:     It makes you more stealthy.
Missiles
 m - 38 boomerangs (quivered)
 W - 3 throwing nets
Armour
 b - the +0 pair of gloves "Texa" (worn) {rElec rC+}
   (You acquired it on level 12 of the Dungeon)

   rC:        It protects you from cold.
   rElec:     It insulates you from electricity.
 d - the +0 pair of boots of Lethargy (melded) {rCorr}
   (You found it on level 10 of the Dungeon)

   rCorr:     It protects you from acid and corrosion.
 x - a +0 cloak (worn)
 A - the +2 pair of gloves "Noc Baofau" {-Tele Dex+7}
   (You bought it in a shop on level 4 of the Dungeon)

   Dex:       It affects your dexterity (+7).
   -Tele:     It prevents most forms of teleportation.
 G - the +1 ring mail "Wetiuw" {Harm Drain rPois Int+3}
   (You found it on level 6 of the Dungeon)

   Int:       It affects your intelligence (+3).
   rPois:     It protects you from poison.
   Drain:     It drains your maximum health when unequipped.
   Harm:      It increases damage dealt and taken.
 T - a +3 troll leather armour (worn)
Magical Staves
 M - a staff of death
Jewellery
 k - a +4 ring of slaying (left hand)
 o - an amulet of guardian spirit (around neck)
 t - a +4 ring of evasion
 P - a ring of protection from fire
 U - a ring of flight
 X - a ring of poison resistance (right hand)
Wands
 q - a wand of roots (19)
 u - a wand of polymorph (13)
 y - a wand of digging (9)
 z - a wand of paralysis (18)
 I - a wand of acid (6)
 L - a wand of mindburst (24)
 Q - a wand of flame (35)
Scrolls
 e - 4 scrolls of amnesia
 h - 5 scrolls of enchant weapon
 j - 2 scrolls of fog
 l - 2 scrolls of magic mapping
 r - 7 scrolls of teleportation
 s - 3 scrolls of poison
 B - 2 scrolls of blinking
 F - a scroll of fear
 J - 2 scrolls of silence
 N - a scroll of summoning
 O - a scroll of brand weapon
Potions
 c - 2 potions of invisibility
 f - 2 potions of berserk rage
 i - 3 potions of heal wounds
 v - 3 potions of curing
 C - 3 potions of attraction
 D - 9 potions of haste
 E - 3 potions of brilliance
 H - 2 potions of lignification
 K - a potion of might
 R - 8 potions of flight
 S - 3 potions of mutation


   Skills:
 + Level 7.2 Fighting
 + Level 12.1 Short Blades
 + Level 2.1 Armour
 + Level 9.1 Dodging
 + Level 16.6 Stealth
 + Level 11.6 Spellcasting
 + Level 1.0 Conjurations
 * Level 15.4 Hexes
 + Level 8.8 Ice Magic
 * Level 5.3 Invocations
 + Level 0.1 Evocations


You had 20 spell levels left.
You knew the following spells:

 Your Spells              Type           Power      Damage    Failure   Level
a - Ensorcelled Hibernat  Hex/Ice        100%       N/A       1%          2
b - Confusing Touch       Hex            67%        N/A       1%          3
c - Tukima's Dance        Hex            67%        N/A       1%          3
d - Dazzling Flash        Conj/Hex       92%        N/A       1%          3
e - Frozen Ramparts       Ice            98%        1d15      1%          3
f - Hailstorm             Conj/Ice       33%        3d8       10%         4

Your spell library contained the following spells:

 Spells                   Type           Power      Damage    Failure   Level
 Freeze                   Ice            100%       1d11      1%          1
 Inner Flame              Hex/Fire       44%        N/A       1%          3
 Fulminant Prism          Conj/Hex       23%        3d13      2%          4
 Magic Dart               Conj           64%        1d6       4%          1
 Foxfire                  Conj/Fire      56%        2x1d6     6%          1
 Necrotise                Necr           48%        1d6       8%          1
 Sandblast                Erth           24%        2d8       8%          1
 Searing Ray              Conj           32%        2d5       8%          2
 Passwall                 Tmut/Erth      10%        N/A       12%         2
 Conjure Flame            Conj/Fire      14%        6-21      19%         3
 Stone Arrow              Conj/Erth      28%        3d8       19%         3
 Swiftness                Air            12%        N/A       22%         3
 Vampiric Draining        Necr           12%        2d6       22%         3
 Flame Wave               Conj/Fire      14%        2d6       52%         4
 Iskenderun's Mystic Bla  Conj/Tloc      14%        2d5       52%         4
 Agony                    Necr           12%        N/A       91%         5
 Lee's Rapid Deconstruct  Erth           6%         3d7*      91%         5


Dungeon Overview and Level Annotations

Branches:
Dungeon (13/15)            Temple (1/1) D:4            Lair (5/5) D:10
  Swamp (1/4) Lair:3       Spider (0/4) Lair:2          Orc (2/2) D:12
    Elf (0/3) Orc:2        Vaults (0/5) D:13         Bailey (visited)
  Slime: Lair:4-5

Altars:
Ashenzari
Cheibriados
Dithmenos
Elyvilon
Fedhas
Gozag
Hepliaklqana
Kikubaaqudgha
Makhleb
Nemelex Xobeh
Okawaru
Qazlal
Ru
Sif Muna
Trog
Uskayaw
Vehumet
Wu Jian
Xom
Yredelemnul
Zin
The Shining One
Jiyva

Shops:
D:4 [   D:9 !   Orc:2 =*(

Annotations:
D:13 Rupert, Urug
Lair:5 exclusion: 2 oklob plants
Orc:2 Saint Roka


Innate Abilities, Weirdness & Mutations

You are very nimble when in or above water. (Stealth+, EV+, Speed+++)
Your lower body shifts to a powerful aquatic tail in water.


Message History

Your legs become a tail as you enter the water.
The +0 pair of boots of Lethargy {rCorr} melds into your body.
You feel yourself speed up.
The fenstrider witch points at you and mumbles some strange words.
Your body is wracked with pain!
* * * LOW HITPOINT WARNING * * *
Unknown command.
The +0 pair of boots of Lethargy {rCorr} unmelds from your body.
The fenstrider witch gestures at you while chanting.
The toxic sludge hits you!
You are poisoned.
You partially resist.
* * * LOW HITPOINT WARNING * * *
Your legs become a tail as you dive into the water.
The +0 pair of boots of Lethargy {rCorr} melds into your body.
Floosh!
As you read the scroll of teleportation, it crumbles to dust.
You feel strangely unstable.
You fester in the toxic bog.
You partially resist.
You are more poisoned.
Your hands stop glowing.
You feel very sick.
You feel much better.
You fester in the toxic bog.
You partially resist.
You are more poisoned.
You feel very sick.
You feel better.
You fester in the toxic bog!
You partially resist.
You are poisoned.
You feel sick.
The fenstrider witch casts a spell at you.
You suddenly lose the ability to move!
The +0 pair of boots of Lethargy {rCorr} unmelds from your body.
Your surroundings suddenly seem different.
Your legs become a tail as you dive into the water.
The +0 pair of boots of Lethargy {rCorr} melds into your body.
Floosh!
A swamp dragon and a swamp worm come into view.
You feel sick.
The swamp dragon roars deafeningly!
The spriggan rider shouts!
The swamp worm bites you.
* * * LOW HITPOINT WARNING * * *
You feel sick. The swamp worm bites you!!
You die...

♣....#.?:[!?.#
..~..#.i.... #......~.~~
.....#########........~~
♣~..............~§.....~
.................~...~..
♣...~..~~~~...§......~.~
♣♣..~~.~~~.~.....~.....~
♣~....~~~.~......~..~.~~
...~....§...~...@w..~...
~..~.........~......~~~~
~...~..~~~~.......~.....
~.~~.~..~..~.....~~.D~~.
..~§.~.~~~...~~~..^.~...
..H~....~..~~~~..~...~..
.~..........~...~Di..~..
~~...~~.§~~....~...~.~..
...~~....§~.§~~..~.


You could see a five-headed hydra (wandering), a swamp dragon, a spriggan rider
and a swamp worm.

Vanquished Creatures
  Gastronok (D:10)
  Donald (Orc:2)
  The ghost of Zeus21348 the Severer, a journeyman HOFi of Beogh (Swamp:1)
  An orc warlord (Orc:2)
  A ghoul (Swamp:1)
  3 eleionomae (Swamp:1)
  Nessos (Lair:5)
  Josephine (Lair:4)
  An ettin (Orc:2)
  3 boulder beetles
  6 hydras
  Harold (Orc:2)
  2 catoblepae (Lair:5)
  4 two-headed ogres (Orc:2)
  3 centaur warriors (D:13)
  A deep troll shaman (Lair:5)
  16 death yaks (Lair:5)
  4 alligators (Swamp:1)
  3 orc high priests (Orc:2)
  Sonja (Lair:5)
  5 skeletal warriors (D:11)
  A deep troll (Lair:2)
  A goliath frog (Swamp:1)
  An orb spider (Lair:2)
  3 spriggan druids (Swamp:1)
  2 bog bodies (Swamp:1)
  5 orc knights
  4 orc sorcerers (Orc:2)
  5 cyclopes
  A manticore (D:10)
  A will-o-the-wisp (Swamp:1)
  14 elephants
  2 black mambas (Lair:2)
  Maurice (Orc:1)
  A gargoyle (D:11)
  A torpor snail (Lair:3)
  13 cane toads
  13 rime drakes
  2 kobold demonologists (D:11)
  3 unseen horrors (D:12)
  8 komodo dragons
  3 hornets (Swamp:1)
  4 trolls
  3 polar bears
  19 blink frogs
  6 slime creatures (D:12)
  11 dream sheep
  A tyrant leech (Swamp:1)
  7 spriggans (Swamp:1)
  10 humans
  5 wyverns
  76 yaks
  A shadow (D:12)
  6 wraiths
  3 basilisks
  12 steam dragons (Lair:3)
  6 vampire mosquitoes
  A swamp worm (Swamp:1)
  2 wargs
  7 water moccasins
  36 orc warriors
  A sky beast (D:7)
  2 black bears (D:6)
  13 ogres
  17 wolves
  7 centaurs
  A phantom (D:5)
  4 kobold brigands
  19 bullfrogs
  3 necrophages
  2 gnoll sergeants
  15 wights
  14 killer bees
  The ghost of paps the Sneak, a weakling OpDe (D:5)
  7 howler monkeys
  2 electric eels (Lair:3)
  28 orc priests
  2 hounds
  4 jellies
  3 iguanas
  17 orc wizards
  3 adders
  12 gnolls
  A shadow imp (D:4)
  2 white imps
  2 ufetubi
  3 worms
  2 dart slugs
  107 orcs
  6 bats
  8 endoplasms
  2 giant cockroaches
  11 hobgoblins
  3 jackals (D:3)
  4 quokkas
  9 ball pythons
  7 frilled lizards
  10 goblins
  36 kobolds
  7 rats
  A spectral orc (D:11)
759 creatures vanquished.

Vanquished Creatures (collateral kills)
  Erica (Orc:1)
  A warg (Orc:2)
  5 orc warriors
  2 orc priests (Orc:2)
  An orc wizard (Orc:1)
  A gnoll (D:7)
  4 orcs
  2 kobolds (Bailey)
17 creatures vanquished.

Vanquished Creatures (others)
  16 dancing weapons
  23 fungi
  41 plants
80 creatures vanquished.

Grand Total: 856 creatures vanquished

Notes
Turn   | Place    | Note
-------+----------+-------------------------------------------
     0 | D:1      | dvd2 the Merfolk Enchanter began the quest for the Orb.
     0 | D:1      | Reached XP level 1. HP: 13/13 MP: 3/3
   437 | D:1      | Reached XP level 2. HP: 15/19 MP: 5/5
   525 | D:1      | Learned a level 2 spell: Ensorcelled Hibernation
   847 | D:1      | Found a faded altar of an unknown god.
   847 | D:1      | Noticed a hellion
  1261 | D:2      | Reached XP level 3. HP: 15/24 MP: 2/6
  1826 | D:2      | Reached skill level 4 in Stealth
  2528 | D:2      | Learned a level 3 spell: Confusing Touch
  2560 | D:2      | Found the +8 arc blade {discharge, rElec}
  2617 | D:2      | Reached XP level 4. HP: 30/30 MP: 7/7
  4152 | D:4      | Found Gupneum's Armour Emporium.
  4158 | D:4      | Noticed an ogre
  4162 | D:4      | Reached skill level 1 in Ice Magic
  4188 | D:3      | Learned a level 3 spell: Tukima's Dance
  4281 | D:4      | Reached XP level 5. HP: 36/36 MP: 7/9
  4544 | D:4      | Found a staircase to the Ecumenical Temple.
  4566 | Temple   | Entered the Ecumenical Temple
  4624 | Temple   | Became a worshipper of Dithmenos the Shadowed
  4686 | D:4      | Reached skill level 5 in Stealth
  4947 | D:4      | Reached skill level 1 in Fighting
  4947 | D:4      | Reached XP level 6. HP: 43/43 MP: 5/10
  5327 | D:5      | Entered Level 5 of the Dungeon
  5424 | D:5      | Found a runed translucent door.
  5425 | D:5      | Noticed paps's ghost (weakling OpDe)
  5511 | D:5      | Reached XP level 7. HP: 48/48 MP: 5/12
  6182 | D:5      | Found an iron altar of Okawaru.
  6193 | D:5      | Found a shimmering blue altar of Sif Muna.
  6278 | D:5      | Found a hazy altar of Hepliaklqana.
  6278 | D:5      | Found a sacrificial altar of Ru.
  6280 | D:5      | Found a snail-covered altar of Cheibriados.
  6280 | D:5      | Found a basalt altar of Yredelemnul.
  6280 | D:5      | Found a sparkling altar of Nemelex Xobeh.
  6282 | D:5      | Found a burning altar of Makhleb.
  6283 | D:5      | Found a stormy altar of Qazlal.
  6629 | D:5      | Noticed a yak
  6661 | D:4      | Bought the +2 pair of gloves "Noc Baofau" {-Tele Dex+7} for
                  | 350 gold pieces
  6745 | D:6      | Reached skill level 6 in Stealth
  6748 | D:6      | Reached * piety under Dithmenos
  7121 | D:6      | Identified the +1 ring mail "Wetiuw" {Harm Drain rPois
                  | Int+3}
  7137 | D:6      | Reached skill level 5 in Hexes
  7156 | D:6      | Reached XP level 8. HP: 54/54 MP: 7/14
  7390 | D:6      | Reached skill level 7 in Stealth
  8120 | D:7      | Found an ancient bone altar of Kikubaaqudgha.
  8233 | D:7      | Reached skill level 5 in Spellcasting
  8233 | D:7      | Reached XP level 9. HP: 47/61 MP: 7/16
  8356 | D:7      | Reached skill level 5 in Short Blades
  8694 | D:7      | Reached skill level 8 in Stealth
  9577 | D:8      | Reached ** piety under Dithmenos
  9664 | D:8      | Learned a level 3 spell: Dazzling Flash
  9804 | D:8      | Found a transporter.
  9804 | D:8      | Found a transporter.
  9806 | D:8      | Found a transporter.
  9807 | D:8      | Found a transporter.
 10032 | D:8      | Reached XP level 10. HP: 67/67 MP: 10/19
 10340 | D:8      | Found an ornate altar of the Wu Jian Council.
 10459 | D:9      | Identified the +0 scale mail of Dynuopn {*Corrode +Inv rC-
                  | Stlth+}
 10466 | D:9      | Found a flagged portal.
 10551 | Bailey   | Entered a bailey
 10836 | Bailey   | Reached skill level 9 in Stealth
 11225 | D:9      | Found a shimmering altar of Xom.
 11558 | D:9      | Reached *** piety under Dithmenos
 11669 | D:9      | Reached skill level 5 in Ice Magic
 11851 | D:9      | Found Poczum Zuza's Distillery.
 11856 | D:9      | Bought a potion of curing for 39 gold pieces
 11927 | D:9      | Reached skill level 5 in Dodging
 12206 | D:9      | Found a shimmering altar of Xom.
 12206 | D:9      | Found a shimmering altar of Xom.
 12206 | D:9      | Found a shimmering altar of Xom.
 12206 | D:9      | Found a shimmering altar of Xom.
 12206 | D:9      | Found a shimmering altar of Xom.
 12206 | D:9      | Found a shimmering altar of Xom.
 12206 | D:9      | Found a shimmering altar of Xom.
 12206 | D:9      | Found a shimmering altar of Xom.
 12206 | D:9      | Found a shimmering altar of Xom.
 12206 | D:9      | Noticed a swamp dragon
 12213 | D:9      | Noticed a water nymph
 12213 | D:9      | a swamp dragon changed into a water nymph
 12242 | D:10     | Entered Level 10 of the Dungeon
 12324 | D:10     | Noticed Gastronok
 12465 | D:10     | Reached XP level 11. HP: 74/74 MP: 21/21
 12613 | D:10     | Noticed a manticore
 12620 | D:10     | Killed a manticore
 12621 | D:10     | Reached skill level 10 in Stealth
 12694 | D:10     | Found a blossoming altar of Fedhas.
 12868 | D:10     | Identified the +0 pair of boots of Lethargy {rCorr}
 13022 | D:10     | Found a staircase to the Lair.
 13087 | D:11     | Noticed a boulder beetle
 13101 | D:11     | Killed a boulder beetle
 13102 | D:11     | Reached skill level 10 in Hexes
 13367 | D:11     | Noticed a cyclops
 13372 | D:11     | Killed a cyclops
 13422 | D:11     | Noticed a cyclops
 13432 | D:11     | Killed a cyclops
 13699 | D:11     | Found a hazy altar of Hepliaklqana.
 13766 | D:11     | Reached **** piety under Dithmenos
 13895 | D:11     | Noticed a skeletal warrior
 13896 | D:11     | Noticed a skeletal warrior
 13897 | D:11     | Noticed a skeletal warrior
 13898 | D:11     | Noticed a skeletal warrior
 13995 | Lair:1   | Entered Level 1 of the Lair of Beasts
 14204 | Lair:1   | Reached XP level 12. HP: 76/82 MP: 17/24
 14210 | Lair:1   | Reached skill level 11 in Stealth
 15703 | Lair:2   | Reached skill level 12 in Stealth
 15814 | Lair:2   | Reached ***** piety under Dithmenos
 16275 | Lair:2   | Found a hole to the Spider Nest.
 16347 | Lair:2   | Learned a level 3 spell: Frozen Ramparts
 16785 | Lair:2   | Reached XP level 13. HP: 89/89 MP: 25/25
 16872 | Lair:3   | Found a staircase to the Swamp.
 17016 | Lair:3   | Reached skill level 13 in Stealth
 17586 | Lair:3   | Reached skill level 10 in Short Blades
 18494 | Lair:3   | Learned a level 4 spell: Hailstorm
 18627 | Lair:4   | Noticed Josephine
 18720 | Lair:4   | Killed Josephine
 18721 | Lair:4   | Reached skill level 14 in Stealth
 18722 | Lair:4   | Reached skill level 5 in Fighting
 19643 | D:5      | Killed paps's ghost
 19941 | Lair:5   | Entered Level 5 of the Lair of Beasts
 19978 | Lair:5   | Reached XP level 14. HP: 79/98 MP: 18/27
 20310 | Lair:5   | Reached ****** piety under Dithmenos
 20405 | Lair:5   | Reached skill level 10 in Spellcasting
 20416 | Lair:5   | Identified the +9 falchion of Uskayaw's Anger {drain,
                  | +Blink rF+ Int-3 Stlth+}
 20697 | Lair:5   | Noticed Sonja
 20722 | Lair:5   | Killed Sonja
 20734 | Lair:5   | Noticed Nessos
 20756 | Lair:5   | Killed Nessos
 22302 | Lair:5   | Reached skill level 15 in Stealth
 22424 | Lair:5   | Identified the +8 dagger "Wuniv" {vorpal, Int+4}
 22540 | Lair:5   | Found a viscous altar of Jiyva.
 22885 | D:10     | Killed Gastronok
 22886 | D:10     | Reached XP level 15. HP: 77/105 MP: 15/29
 23501 | D:12     | Found a staircase to the Orcish Mines.
 23521 | D:12     | Reached skill level 1 in Armour
 24078 | D:12     | Identified a scroll of acquirement
 24079 | D:12     | Acquired the +0 pair of gloves "Texa" {rElec rC+}
 24445 | Orc:1    | Entered Level 1 of the Orcish Mines
 24450 | Orc:1    | Noticed Maurice
 24454 | Orc:1    | Reached skill level 1 in Invocations
 24457 | Orc:1    | Noticed Erica
 24463 | Orc:1    | Killed Maurice
 24497 | Orc:1    | Killed Erica
 24890 | Orc:2    | Entered Level 2 of the Orcish Mines
 25130 | Orc:1    | Noticed Harold
 25151 | Orc:2    | Killed Harold
 25329 | Orc:2    | Noticed Donald
 25340 | Orc:2    | Killed Donald
 25543 | Orc:2    | Found Cunoegua's Jewellery Emporium.
 25543 | Orc:2    | Noticed an orc warlord
 25546 | Orc:2    | Killed an orc warlord
 25561 | Orc:2    | Found Suloenk's Assorted Antiques.
 25960 | Orc:2    | Reached skill level 15 in Hexes
 26112 | Orc:2    | Found a staircase to the Elven Halls.
 26250 | Orc:2    | Found Teuleun's Weapon Boutique.
 26281 | Orc:2    | Reached skill level 16 in Stealth
 26415 | Orc:2    | Noticed Saint Roka
 26434 | Orc:2    | Found Laza's Armour Shop.
 26778 | D:13     | Found a gate to the Vaults.
 26778 | D:13     | Noticed Urug
 26801 | D:13     | Reached XP level 16. HP: 93/113 MP: 23/31
 26802 | D:13     | Noticed Rupert
 26977 | Orc:2    | Bought a ring of poison resistance for 280 gold pieces
 27174 | Swamp:1  | Entered Level 1 of the Swamp
 27198 | Swamp:1  | Noticed a fenstrider witch
 27503 | Swamp:1  | Reached skill level 5 in Invocations
 27535 | Swamp:1  | Found a runed translucent gate.
 27535 | Swamp:1  | Found a runed translucent gate.
 27536 | Swamp:1  | Found a runed translucent gate.
 27537 | Swamp:1  | Noticed Zeus21348's ghost (journeyman HOFi)
 27591 | Swamp:1  | Reached skill level 1 in Conjurations
 27677 | Swamp:1  | Killed Zeus21348's ghost
 27775 | Swamp:1  | Paralysed by a fenstrider witch for 4 turns
 27777 | Swamp:1  | Slain by a swamp worm

Illustrated notes

Levels and vault maps discovered:
D:1:      matt_arrival_diagonals, layout_basic,
          dreamdust_ecumenical_altar_sealed_demon
D:2:      layout_rooms, serial_co_window_serial, co_window_paths_a,
          co_window_cross_1, co_window_of_opportunity_a, co_window_cross_1,
          co_window_paths_a, co_window_corner_b, co_window_2corner,
          co_window_broadway_b, co_window_corner_ca, co_window_cross_4,
          co_window_broadway_c, co_window_corner_cb, co_window_4corner_a,
          glass_columns_b, glass_columns_b, glass_columns_c, glass_columns_a,
          minmay_small_reverse_x
D:3:      layout_basic
D:4:      minmay_chambers_of_fours, layout_basic, minmay_temple_entry_trees,
          serial_shops, shop_fountains
D:5:      layout_basic, okawaru_gym_becter, grunt_temple_overflow_open,
          ebering_ghost_inner_flame, eino_tiny_chamber, minmay_curled_crystal
D:6:      layout_basic, kennysheep_generic_room_15
D:7:      layout_basic, mainiacjoe_overflow_boulevard
D:8:      layout_rooms, marbit_many_paths, nicolae_diode_quadrants
D:9:      layout_big_octagon, xom_shifter_show, enter_bailey_2, serial_shops,
          kennysheep_little_box, nrook_mini_vaults
D:10:     layout_rooms, mainiacjoe_overflow_alcove_2, dpeg_oklobed_lair,
          uniq_gastronok
D:11:     layout_rooms, hangedman_decor_peaks_small,
          nicolae_hepliaklqana_monster_ancestors
D:12:     layout_roguey, david_orc_5
D:13:     layout_rooms, david_vaults_3, elves_outpost_lemuel, uniq_jorgrun
Temple:   hellmonk_temple_rainy
Lair:1:   layout_layer_cave, beast_lair_carwin_7
Lair:2:   dreamdust_cave_troll, layout_loops_ring,
          nicolae_spider_entry_orb_guardian
Lair:3:   layout_big_grid, swamp_mist_pool, bobbens_dragon_lair_wall,
          serial_bayou_shore_b
Lair:4:   layout_misc_corridors, uniq_josephine
Lair:5:   grunt_lair_end_beastmaster, layout_regular_city,
          minmay_slime_entry_oklob_enclosed, chequers_serial_rivers_large_a,
          uniq_urug, uniq_sonja, uniq_nessos
Swamp:1:  layout_falls_marsh, gammafunk_ghost_split,
          evilmike_swamp_ruin_house_4, swamp_pool3, infiniplex_staircase_pool_2
Orc:1:    layout_caves, rock_pile, uniq_erica, uniq_harold, uniq_maurice
Orc:2:    pubby_orc_utopia, uniq_donald

Skill      XL: |  1  2  3  4  5  6  7  8  9 10 11 12 13 14 15 16 |
---------------+-------------------------------------------------+-----
Dodging        | 3 4 5 6 7 8 9 |  9.1
Stealth        | 4 5 6 7 8 9 10 12 14 15 16 | 16.6
Ice Magic      | 1 2 3 5 6 7 8 |  8.8
Short Blades   | 2 3 4 6 8 9 10 11 12 | 12.1
Spellcasting   | 3 4 5 6 7 8 9 10 11 | 11.6
Fighting       | 1 2 3 4 5 6 7 |  7.2
Hexes          | 4 5 6 8 9 11 12 13 14 15 | 15.4
Armour         | 1 2 |  2.1
Invocations    | 4 5 |  5.3
Conjurations   | 1 |  1.0
Evocations     | |  0.1

Action                   |  1- 3 |  4- 6 |  7- 9 | 10-12 | 13-15 | 16-18 || total
-------------------------+-------+-------+-------+-------+-------+-------++-------
Melee: Dagger            |   102 |       |       |       |       |       ||   102
       Rapier            |     1 |    94 |   129 |   244 |   609 |    84 ||  1161
       Punch             |       |       |     4 |     4 |     7 |     1 ||    16
       Tailslap          |       |       |       |     1 |     2 |    10 ||    13
Throw: Boomerang         |       |       |     2 |     1 |     1 |       ||     4
 Cast: Ensorcelled Hiber |    24 |    30 |    25 |    69 |    71 |     1 ||   220
       Tukima's Dance    |       |     5 |    15 |    20 |    47 |       ||    87
       Confusing Touch   |       |     3 |    15 |    13 |    20 |     4 ||    55
       Dazzling Flash    |       |       |       |     5 |     8 |       ||    13
       Frozen Ramparts   |       |       |       |     1 |    29 |       ||    30
       Hailstorm         |       |       |       |       |    11 |     1 ||    12
Evoke: Wand              |       |       |       |       |     3 |       ||     3
  Use: Scroll            |       |       |       |    15 |    11 |     4 ||    30
       Potion            |       |       |       |     1 |     1 |     3 ||     5
 Stab: Sleeping          |    26 |    26 |    24 |    57 |    90 |    11 ||   234
       Confused          |       |     2 |     4 |     5 |     9 |     8 ||    28
       Invisible         |       |       |       |     2 |     6 |       ||     8
       Petrified         |       |       |       |       |     6 |       ||     6
       Petrifying        |       |       |       |       |     1 |       ||     1
       Distracted        |       |       |       |       |     3 |     2 ||     5
Armor: Robe              |     9 |     8 |    24 |    25 |    22 |       ||    88
       Troll leather arm |       |       |       |       |    50 |     9 ||    59
Dodge: Dodged            |    52 |    52 |   125 |   229 |   439 |    44 ||   941
